 Dungeon Crawl Stone Soup version 0.22-a0-305-gd21a89c (webtiles) character file.

10 vishdafish the Skirmisher (level 2, 22/24 HPs)
             Began as a Demonspawn Fighter on Mar 30, 2018.
             Quit the game on level 1 of the Dungeon.
             The game lasted 00:00:20 (460 turns).

vishdafish the Skirmisher (Demonspawn Fighter)       Turns: 460, Time: 00:00:21

Health: 22/24      AC:  6    Str: 16    XL:     2   Next: 10%
Magic:  2/2        EV:  6    Int:  9    God:
Gold:   87         SH:  8    Dex: 12    Spells: 1/1 levels left

rFire    . . .     SeeInvis .   a - +0 long sword
rCold    . . .     Gourm    .   c - +0 shield
rNeg     . . .     Faith    .   b - +0 scale mail
rPois    .         Spirit   .   (no helmet)
rElec    .         Reflect  .   (no cloak)
rCorr    .         Harm     .   (no gloves)
MR       .....                  (no boots)
Stlth    ..........             (no amulet)
HPRegen  0.08/turn              (no ring)
MPRegen  0.08/turn              (no ring)

@: no status effects
A: rot immunity
a: no special abilities


You were on level 1 of the Dungeon.
You were not hungry.

You visited 1 branch of the dungeon, and saw 1 of its levels.

You collected 87 gold pieces.

Inventory:

Hand Weapons
 a - a +0 long sword (weapon)
Armour
 b - a +0 scale mail (worn)
 c - a +0 shield (worn)
Scrolls
 e - a scroll of immolation {unknown}
 h - a scroll of remove curse {unknown}
 l - a scroll of amnesia {unknown}
 m - a scroll of identify {unknown}
Potions
 d - 2 potions of might
 g - a potion of degeneration {unknown}
 i - a potion of flight {unknown}
 j - a potion of brilliance {unknown}
 k - 2 potions of cancellation {unknown}
Comestibles
 f - 2 rations


   Skills:
 + Level 3.2 Fighting
 + Level 1.8 Long Blades
 + Level 2.9 Armour
 + Level 2.8 Shields


You had one spell level left.
You didn't know any spells.

Dungeon Overview and Level Annotations

Branches:
Dungeon (1/15)

Altars:
Xom


Innate Abilities, Weirdness & Mutations

You are immune to rotting.


Message History

Found a stone staircase leading down.
A bat comes into view.
You block the bat's attack.
You hit the bat.
You kill the bat!
No target in view!
No target in view!
No target in view!
No target in view!
No target in view!
No target in view!
No target in view!
No target in view!
m - a scroll labeled QUEQEE XOGAFYP
Found a mace.
A goblin comes into view. It is wielding a club.
The goblin shouts!
The goblin moves out of view.
Okay, then.
Are you sure you want to abandon this character and quit the game? (Confirm with "yes".)

#.....#.#...##.........# #..
#....................### #..
#.....###.#.#........#####..
............................
##...####.###........#####.#
........#...#.............
....).......#.##..........
##..........#.##..........
#.......@..#.##..........
.........................†
..........................
...####.#+##..............
... #.# #.............# #.
#.............# ..
#.............# .
#.............#
##+##.........#


There were no monsters in sight!

Vanquished Creatures
  A dart slug (D:1)
  A leopard gecko (D:1)
  A bat (D:1)
  A giant cockroach (D:1)
  A hobgoblin (D:1)
  2 rats (D:1)
7 creatures vanquished.

Notes
Turn   | Place    | Note
-------+----------+-------------------------------------------
     0 | D:1      | vishdafish the Demonspawn Fighter began the quest for the Orb.
     0 | D:1      | Reached XP level 1. HP: 18/18 MP: 1/1
   408 | D:1      | Found a shimmering altar of Xom.
   414 | D:1      | Gained mutation: You are immune to rotting. [demonic ancestry]
   414 | D:1      | Reached XP level 2. HP: 18/24 MP: 2/2
   460 | D:1      | Quit the game

Vault maps used:
D:1:      minmay_arrival_wavy_path, xom_teletrap_fun

Action                   || total
-------------------------++-------
Melee: Long sword        ||    19
Armor: Scale mail        ||     3
Dodge: Dodged            ||     3
Block: Shield            ||    12
       Rpst.: Long sword ||     3

Table legend:
 A = Spawn XP
 B = Non-spawn XP
 C = Spawn XP percentage of total XP
 D = Spawn monster count
 E = Non-spawn monster count
 F = Spawn count percentage of total count
 G = Total turns spent on level
                    A         B        C        D         E        F      G
               +---------+---------+-------+---------+---------+-------+---------
         Total |       0 |      15 |   0.0 |       0 |       7 |   0.0 |   460
               +---------+---------+-------+---------+---------+-------+---------
           D:1 |       0 |      15 |   0.0 |       0 |       7 |   0.0 |   460
               +---------+---------+-------+---------+---------+-------+---------
